 Dungeon Crawl Stone Soup version 0.29.0-4-gdea44cf6ec (webtiles) character file.

Game seed: 10469119665059607236

229 qw the Chopper (level 6, 0/35 HPs)
             Began as a Tengu Warper on Aug 28, 2022.
             Succumbed to a kobold's poison
             ... on level 3 of the Dungeon.
             The game lasted 00:00:21 (3236 turns).

qw the Chopper (Tengu Warper)                       Turns: 3236, Time: 00:00:22

Health: 0/35       AC: 10    Str: 13    XL:     6   Next: 3%
Magic:  10/10      EV:  4    Int: 14    God:
Gold:   166        SH:  0    Dex: 13    Spells: 9/9 levels left

rFire   . . .      SeeInvis .   Y - +1 war axe
rCold   . . .      Faith    .   (no shield)
rNeg    . . .      Spirit   .   m - +0 plate armour
rPois   .          Reflect  .   (helmet restricted)
rElec   .          Harm     .   (no cloak)
rCorr   .          Rampage  .   (no gloves)
Will    .....                   (boots unavailable)
Stlth   ..........              (no amulet)
HPRegen 0.11/turn               (no ring)
MPRegen 0.12/turn               (no ring)

@: lethally poisoned (0 -> -21), flying quickly and evasively, quick
A: beak, talons 3, nimble flight
a: no special abilities


You were on level 3 of the Dungeon.
You visited 1 branch of the dungeon, and saw 3 of its levels.
You also visited: Sewer.

You collected 166 gold pieces.


Innate Abilities, Weirdness & Mutations

You have a beak for a mouth.
You have claws for feet.
Your magical nature lets you fly swiftly and evasively.


   Skills:
 - Level 2.0 Fighting
 + Level 6.4 Axes
 - Level 1.0 Throwing
 - Level 2.0 Armour
 - Level 2.1 Dodging
 - Level 2.0 Spellcasting
 - Level 2.4 Translocations


You had 9 spell levels left.
You didn't know any spells.
Your spell library contained the following spells:

 Spells                   Type           Power      Damage    Failure   Level
 Blink                    Tloc           16%        N/A       100%        2
 Gell's Gravitas          Tloc           8%         N/A       100%        3
 Lesser Beckoning         Tloc           8%         N/A       100%        3
 Teleport Other           Tloc           8%         N/A       100%        3
 Manifold Assault         Tloc           8%         N/A       100%        5

Inventory:

Hand Weapons
 i - a +0 flail
 Y - a +1 war axe (weapon)
Missiles
 g - 3 boomerangs
 j - a silver javelin (quivered)
Armour
 m - a +0 plate armour (worn)
Scrolls
 a - a scroll of identify
 l - 3 scrolls of teleportation
Potions
 b - a potion of brilliance {unknown}
 c - a potion of ambrosia {unknown}
 d - a potion of lignification {unknown}
 e - a potion of heal wounds {unknown}
 f - a potion of cancellation
 h - a potion of magic {unknown}
 k - 2 potions of haste {unknown}

Dungeon Overview and Level Annotations

Branches:
Dungeon (3/15)              Sewer (visited)

Altars:
Fedhas
The Shining One


Message History

Throw: 4 javelins (silver)
Press: ? - help, Q - select action, (/) - cycle Shift-Dir - straight line, f - kobold You throw a silver javelin.
The silver javelin barely misses the kobold.
The kobold throws a poisoned dart.
The poisoned dart hits you!
You are poisoned.
Throw: 3 javelins (silver)
Press: ? - help, Q - select action, (/) - cycle Shift-Dir - straight line, f/p - kobold You throw a silver javelin.
The silver javelin pierces through the kobold.
The kobold is heavily wounded.
You feel very sick.
Throw: 2 javelins (silver)
Press: ? - help, Q - select action, (/) - cycle Shift-Dir - straight line, f/p - kobold You throw a silver javelin.
The silver javelin barely misses the kobold.
You feel sick.
The kobold throws a poisoned dart.
The poisoned dart hits you!
You are more poisoned.
The kobold throws a poisoned dart.
The poisoned dart hits you!
You are more poisoned.
3229 ||| FLEEEEING.
You feel very sick.
The kobold throws a poisoned dart.
The poisoned dart hits you!
You are lethally poisoned!
3230 ||| FLEEEEING.
You feel very sick.
3231 ||| FLEEEEING.
You feel very sick.
3232 ||| FLEEEEING.
You feel very sick.
You feel very sick.
3234 ||| FLEEEEING.
You feel sick.
The kobold throws a poisoned dart.
The poisoned dart hits you!
You are more poisoned.
3235 ||| FLEEEEING.
You feel very sick.
The kobold throws a poisoned dart.
The poisoned dart hits you!
You are more poisoned.
3236 ||| FLEEEEING.
You die...

%..#....##...................##..
...###...#...................##.#
...###..................###..##.#
..................>.....###...#.#
..........>.....................#
..............##................#
................#.#..........(#.#
..............................#..
................@.............##.
....................%......<..###
.......................#.......##
..............................##
.....!........................##
.........K#...........#.....#..#
..........#############....<....
........K%# ###.......
.........(# #.......


You could see a kobold.

Vanquished Creatures
  3 gnolls (D:2)
  6 adders
  3 river rats (Sewer)
  A white imp (D:3)
  2 worms
  3 dart slugs
  An orc (D:3)
  13 ball pythons
  7 endoplasms
  3 giant cockroaches
  2 goblins (D:1)
  7 hobgoblins
  10 jackals
  14 kobolds
  A quokka (D:1)
  5 bats
  9 frilled lizards
  9 rats
99 creatures vanquished.

Vanquished Creatures (others)
  26 plants
26 creatures vanquished.

Grand Total: 125 creatures vanquished

Notes
Turn   | Place    | Note
-------+----------+-------------------------------------------
     0 | D:1      | qw the Tengu Warper began the quest for the Orb.
     0 | D:1      | Reached XP level 1. HP: 12/12 MP: 4/4
     0 | D:1      | 0 ||| qw: Version: 0.1-a-89-g26bdef1
     0 | D:1      | 0 ||| qw: Game counter: 1065
     0 | D:1      | 0 ||| qw: Always use a shield: true
     0 | D:1      | 0 ||| qw: God list: Okawaru
     0 | D:1      | 0 ||| qw: Allow faded altars: false
     0 | D:1      | 0 ||| qw: Do Orc after D:15 true
     0 | D:1      | 0 ||| qw: Do second Lair branch before Depths: true
     0 | D:1      | 0 ||| qw: Lair rune preference: random
     0 | D:1      | 0 ||| qw: Plans: Normal
     0 | D:1      | 0 ||| PLANNING D:1-11
    17 | D:1      | 17 ||| Stepping ~*~*~tactically~*~*~ (stealth).
    30 | D:1      | 30 ||| Stepping ~*~*~tactically~*~*~ (stealth).
    35 | D:1      | 35 ||| Stepping ~*~*~tactically~*~*~ (stealth).
    38 | D:1      | 38 ||| Stepping ~*~*~tactically~*~*~ (stealth).
    50 | D:1      | Reached XP level 2. HP: 17/17 MP: 6/6
    51 | D:1      | 51 ||| Stepping ~*~*~tactically~*~*~ (stealth).
    95 | D:1      | 95 ||| Stepping ~*~*~tactically~*~*~ (hiding).
   100 | D:1      | Reached skill level 3 in Axes
   146 | D:1      | 146 ||| Stepping ~*~*~tactically~*~*~ (stealth).
   148 | D:1      | 148 ||| Stepping ~*~*~tactically~*~*~ (stealth).
   150 | D:1      | 150 ||| Stepping ~*~*~tactically~*~*~ (stealth).
   153 | D:1      | 153 ||| Stepping ~*~*~tactically~*~*~ (stealth).
   156 | D:1      | 156 ||| Stepping ~*~*~tactically~*~*~ (stealth).
   189 | D:1      | 189 ||| Stepping ~*~*~tactically~*~*~ (stealth).
   480 | D:1      | Reached XP level 3. HP: 17/21 MP: 7/7
   747 | D:1      | Reached skill level 4 in Axes
   892 | D:1      | 892 ||| Stepping ~*~*~tactically~*~*~ (stealth).
   895 | D:1      | 895 ||| Stepping ~*~*~tactically~*~*~ (stealth).
   898 | D:1      | 898 ||| Stepping ~*~*~tactically~*~*~ (stealth).
   900 | D:1      | 900 ||| Stepping ~*~*~tactically~*~*~ (stealth).
   930 | D:1      | Found a faded altar of an unknown god.
  1072 | D:1      | 1072 ||| Stepping ~*~*~tactically~*~*~ (stealth).
  1073 | D:1      | 1073 ||| Stepping ~*~*~tactically~*~*~ (stealth).
  1266 | D:1      | 1266 ||| UPGRADING to +0 ring mail.
  1276 | D:1      | 1276 ||| DROPPING +0 leather armour.
  1277 | D:1      | 1277 ||| READING 3 scrolls labelled YCWORCHY ARAMUE.
  1278 | D:1      | 1278 ||| READING scroll labelled UJUFEL TEZXA.
  1279 | D:1      | 1279 ||| READING scroll labelled ASUMOX TUIL.
  1283 | D:1      | 1283 ||| READING 2 scrolls of identify.
  1283 | D:1      | 1283 ||| IDENTIFYING coppery potion
  1284 | D:1      | 1284 ||| DROPPING scroll of blinking.
  1312 | D:2      | 1312 ||| Stepping ~*~*~tactically~*~*~ (hiding).
  1325 | D:2      | Reached XP level 4. HP: 21/26 MP: 8/8
  1427 | D:2      | 1427 ||| Stepping ~*~*~tactically~*~*~ (hiding).
  1429 | D:2      | Found a blossoming altar of Fedhas.
  1433 | D:2      | Reached skill level 5 in Axes
  1703 | D:2      | 1703 ||| DROPPING +0 whip.
  1888 | D:2      | 1888 ||| Stepping ~*~*~tactically~*~*~ (stealth).
  1893 | D:2      | 1893 ||| Stepping ~*~*~tactically~*~*~ (stealth).
  1926 | D:2      | 1926 ||| SWAPPING to +0 war axe.
  1927 | D:2      | 1927 ||| DROPPING +0 hand axe.
  2202 | D:2      | 2202 ||| UPGRADING to +0 plate armour.
  2212 | D:2      | 2212 ||| DROPPING +0 ring mail.
  2213 | D:2      | 2213 ||| READING scroll labelled XYT MEKUTZIXT.
  2214 | D:2      | 2214 ||| READING scroll labelled AHYMNAPUEVU.
  2230 | D:3      | 2230 ||| PLANNING SEWER
  2230 | D:3      | 2230 ||| Stepping ~*~*~tactically~*~*~ (hiding).
  2234 | D:3      | 2234 ||| FLEEEEING.
  2235 | D:3      | 2235 ||| FLEEEEING.
  2236 | D:3      | 2236 ||| FLEEEEING.
  2237 | D:3      | 2237 ||| STAIRDANCE
  2342 | D:3      | Gained mutation: Your magical nature lets you fly swiftly
                  | and evasively. [Tengu growth]
  2342 | D:3      | Reached XP level 5. HP: 30/30 MP: 9/9
  2478 | D:3      | Found a glowing drain.
  2498 | Sewer    | Entered a sewer
  2509 | Sewer    | 2509 ||| Stepping ~*~*~tactically~*~*~ (stealth).
  2661 | Sewer    | Reached skill level 6 in Axes
  3035 | Sewer    | 3035 ||| READING scroll labelled DEADUT VUWIV.
  3057 | D:3      | 3057 ||| PLANNING D:1-11
  3132 | D:3      | Reached XP level 6. HP: 35/35 MP: 10/10
  3160 | D:3      | 3160 ||| Stepping ~*~*~tactically~*~*~ (stealth).
  3167 | D:3      | Found a glowing golden altar of the Shining One.
  3229 | D:3      | 3229 ||| FLEEEEING.
  3230 | D:3      | 3230 ||| FLEEEEING.
  3231 | D:3      | 3231 ||| FLEEEEING.
  3232 | D:3      | 3232 ||| FLEEEEING.
  3234 | D:3      | 3234 ||| FLEEEEING.
  3234 | D:3      | HP: 8/35 [poisoned by a kobold]
  3235 | D:3      | 3235 ||| FLEEEEING.
  3236 | D:3      | 3236 ||| FLEEEEING.
  3236 | D:3      | Succumbed to a kobold's poison

Levels and vault maps discovered:
D:1:      beargit_arrival_greenhouse, layout_loops_ring,
          shapermc_ecumenical_altar_ellora, lexackson_kobold_supper
D:2:      layout_basic, basic_altar, hangedman_decor_diamond_cutter,
          minmay_three_crescents
D:3:      layout_rooms, mainiacjoe_overflow_catwalk,
          cheibrodos_sewer_entry_sluice

Skill      XL: |  1  2  3  4  5 |
---------------+----------------+-----
Axes           | 3 4 5 6 |  6.4
Armour         | 2 |  2.0
Fighting       | |  2.0
Throwing       | |  1.0
Dodging        | |  2.1
Spellcasting   | |  2.0
Translocations | |  2.4

Action                   |  1- 3 |  4- 6 || total
-------------------------+-------+-------++-------
Melee: Hand axe          |    85 |    31 ||   116
       Peck              |    15 |    17 ||    32
       Kick              |    23 |    22 ||    45
       Punch             |     1 |       ||     1
       War axe           |       |    78 ||    78
Throw: Boomerang         |     7 |       ||     7
       Javelin           |       |    24 ||    24
  Use: Scroll            |     4 |     3 ||     7
Armor: Leather armour    |    14 |       ||    14
       Ring mail         |     2 |     7 ||     9
       Plate armour      |       |    68 ||    68
Dodge: Dodged            |    43 |    26 ||    69

Table legend:
 A = Non-vault XP
 B = Vault XP
 C = Vault XP percentage of total XP
 D = Non-vault monster count
 E = Vault monster count
 F = Vault count percentage of total count
                 A         B        C        D         E       F
            +---------+---------+-------+---------+---------+-------
      Total |     173 |     155 |  47.3 |      61 |      38 |  38.4
            +---------+---------+-------+---------+---------+-------
        D:1 |      54 |      11 |  16.9 |      31 |       8 |  20.5
        D:2 |      80 |       9 |  10.1 |      14 |       6 |  30.0
        D:3 |      39 |       8 |  17.0 |      16 |       3 |  15.8
      Sewer |       0 |     127 | 100.0 |       0 |      21 | 100.0
            +---------+---------+-------+---------+---------+-------
